 Dungeon Crawl Stone Soup version 0.23-a0-448-g1c01f63 (webtiles) character file.

28 MisterFreud the Cutter (level 3, -2/23 HPs)
             Began as a Kobold Berserker on Nov 20, 2018.
             Was a Follower of Trog.
             Slain by a gnoll
             ... wielding a +0 whip
              (10 damage)
             ... on level 2 of the Dungeon.
             The game lasted 00:01:35 (620 turns).

MisterFreud the Cutter (Kobold Berserker)            Turns: 620, Time: 00:01:35

Health: -2/23      AC:  2    Str: 15    XL:     3   Next: 27%
Magic:  3/3        EV: 15    Int:  8    God:    Trog [*.....]
Gold:   22         SH:  0    Dex: 14    Spells: 2/2 levels left

rFire    . . .     SeeInvis .   a - +0 short sword
rCold    . . .     Gourm    .   (shield restricted)
rNeg     . . .     Faith    .   b - +0 animal skin
rPois    .         Spirit   .   (no helmet)
rElec    .         Reflect  .   (no cloak)
rCorr    .         Harm     .   (no gloves)
MR       .....                  (no boots)
Stlth    ++........             (no amulet)
HPRegen  0.07/turn              (no ring)
MPRegen  0.08/turn              (no ring)

@: no status effects
A: small, carnivore
a: Berserk, Renounce Religion


You were on level 2 of the Dungeon.
You worshipped Trog.
Trog was aware of your devotion.
You were completely stuffed.

You visited 1 branch of the dungeon, and saw 2 of its levels.

You collected 22 gold pieces.

Inventory:

Hand Weapons
 a - a +0 short sword (weapon)
 g - a +0 hunting sling
Missiles
 e - 18 poisoned needles
 k - 4 stones (quivered)
Armour
 b - a +0 animal skin (worn)
Scrolls
 f - a scroll of fear {unknown}
 h - a scroll of enchant armour {unknown}
 i - a scroll of identify {unknown}
 j - 2 scrolls of teleportation {unknown}
Potions
 d - a potion of mutation {unknown}
 l - 2 potions of curing {unknown}
Comestibles
 c - 2 rations


   Skills:
 - Level 3.2 Fighting
 * Level 4.8 Short Blades
 - Level 1.5 Armour
 - Level 2.4 Dodging
 * Level 2.7 Stealth


You had 2 spell levels left.
You didn't know any spells.
Your spell library was empty.

Dungeon Overview and Level Annotations

Branches:
Dungeon (2/15)

Altars:


Innate Abilities, Weirdness & Mutations

You are small and have problems with some larger weapons.
You are carnivorous and can eat meat at any time.


Message History

Done exploring.
Done exploring.
There is a stone staircase leading down here.
You climb downwards. 3 gnolls come into view.
There is a stone staircase leading up here.
The helpless gnoll fails to defend itself.
You puncture the gnoll!
You kill the gnoll!
Trog accepts your kill.
You have reached level 3!
Your experience leads to an increase in your attributes!
Increase (S)trength, (I)ntelligence, or (D)exterity?
You feel stronger.
The gnoll shouts! x2
The gnoll hits you with a +0 whip! The gnoll hits you.
You are too injured to fight recklessly!
There is a stone staircase leading up here.
The gnoll hits you with a +0 whip!
You die...

....# .... #
## ##... .#
#. ... .#
#.. #.# ..#
#..##.###..#
#..........#
#.gg@#
#...)####
##.#.# #...#
#####


You could see 2 gnolls.

Vanquished Creatures
  A gnoll (D:2)
  A giant cockroach (D:1)
  5 goblins (D:1)
  2 hobgoblins (D:1)
  2 frilled lizards (D:1)
  4 kobolds (D:1)
  A rat (D:1)
16 creatures vanquished.

Notes
Turn   | Place    | Note
-------+----------+-------------------------------------------
     0 | D:1      | MisterFreud the Kobold Berserker began the quest for the
                  | Orb.
     0 | D:1      | Reached XP level 1. HP: 14/14 MP: 1/1
    40 | D:1      | Reached skill level 1 in Stealth
    96 | D:1      | Reached XP level 2. HP: 19/19 MP: 2/2
   615 | D:2      | Reached XP level 3. HP: 23/23 MP: 3/3
   620 | D:2      | Slain by a gnoll

Vault maps used:
D:1:      minmay_arrival_glassed_features
D:2:      lemuel_doored_altar, marbit_many_paths, minmay_gold_behind_fungi,
          uniq_robin

Skill      XL: |  1  2 |
---------------+-------+-----
Stealth        | 1 2 |  2.7
Fighting       | |  3.2
Short Blades   | |  4.8
Armour         | |  1.5
Dodging        | |  2.4

Action                   || total
-------------------------++-------
Melee: Short sword       ||    47
 Stab: Sleeping          ||     2
  Eat: Chunk             ||     7
Armor: Animal skin       ||     4
Dodge: Dodged            ||    27

Table legend:
 A = Non-vault XP
 B = Vault XP
 C = Vault XP percentage of total XP
 D = Non-vault monster count
 E = Vault monster count
 F = Vault count percentage of total count
                 A         B        C        D         E       F
            +---------+---------+-------+---------+---------+-------
      Total |      40 |       0 |   0.0 |      16 |       0 |   0.0
            +---------+---------+-------+---------+---------+-------
        D:1 |      25 |       0 |   0.0 |      15 |       0 |   0.0
        D:2 |      15 |       0 |   0.0 |       1 |       0 |   0.0
            +---------+---------+-------+---------+---------+-------
